 Dungeon Crawl Stone Soup version 0.31.0-12-g77e489cdc1 (webtiles) character file.

Game seed: 2890324759369303198

117 PriceMaster the Vexing (level 4, -7/22 HPs)
             Began as a Spriggan Hexslinger on Mar 3, 2024.
             Killed by divine providence
             ... invoked by an orc priest
              (17 damage)
             ... on level 3 of the Dungeon.
             The game lasted 00:02:48 (2264 turns).

PriceMaster the Vexing (Spriggan Hexslinger)        Turns: 2264, Time: 00:02:49

Health: -7/22      AC:  2    Str:  4    XL:     4   Next: 71%
Magic:  4/8        EV: 18    Int: 14    God:
Gold:   142        SH:  0    Dex: 19    Spells: 5/7 levels left

rFire   + . .        a - +1 sling
rCold   + . .        l - orb {light}
rNeg    . . .        c - +0 robe
rPois   +            (helmet restricted)
rElec   +            (no cloak)
rCorr   +            (gloves unavailable)
SInv    +            (boots unavailable)
Will    .....        (no amulet)
Stlth   +            k - ring of willpower
HPRegen 0.23/turn    (no ring)
MPRegen 0.11/turn

%: no passive effects
@: resistant, weak-willed, jinxed, glowing, very quick
A: very small, no large weapons, unfitting armour, see invisible, speed 3
a: no special abilities


You were on level 3 of the Dungeon.
You visited 1 branch of the dungeon, and saw 3 of its levels.

You collected 142 gold pieces.

Inventory:

Hand Weapons
 a - a +1 sling (weapon)
Armour
 c - a +0 robe (worn)
 l - an orb of light (worn)
Jewellery
 k - a ring of willpower (left hand)
Wands
 p - a wand of iceblast (4)
Scrolls
 b - a scroll of revelation {unknown}
 i - a scroll of amnesia {unknown}
 j - a scroll of vulnerability {unknown}
 n - a scroll of identify {unknown}
 q - 2 scrolls of teleportation {unknown}
Potions
 d - a potion of mutation {unknown}
 e - a potion of attraction {unknown}
 f - a potion of heal wounds {unknown}
 g - a potion of resistance
 h - a potion of haste {unknown}
 m - a potion of enlightenment {unknown}
 o - 2 potions of cancellation {unknown}
 r - a potion of brilliance {unknown}


   Skills:
 + Level 1.1 Fighting
 + Level 3.7 Ranged Weapons
 + Level 3.3 Dodging
 + Level 0.1 Stealth
 + Level 2.1 Spellcasting
 + Level 4.4 Hexes
 + Level 0.7 Fire Magic


You had 5 spell levels left.
You knew the following spells:

 Your Spells              Type           Power      Damage    Failure   Level
a - Jinxbite              Hex            26%        N/A       6%          2

Your spell library contained the following spells:

 Spells                   Type           Power      Damage    Failure   Level
 Sigil of Binding         Hex            13%        N/A       12%         3
 Ensorcelled Hibernation  Hex/Ice        14%        N/A       14%         2
 Inner Flame              Hex/Fire       8%         N/A       24%         3
 Sublimation of Blood     Necr           1%         N/A       34%         2
 Cause Fear               Hex            6%         N/A       36%         4
 Fugue of the Fallen      Necr           1%         N/A       56%         3
 Anguish                  Hex/Necr       3%         N/A       67%         4
 Dimensional Bullseye     Hex/Tloc       3%         N/A       67%         4
 Petrify                  Alch/Erth      1%         N/A       93%         4
 Vhi's Electric Charge    Tloc/Air       2%         N/A       93%         4
 Arcjolt                  Conj/Air       0%         1d10      100%        5
 Irradiate                Conj/Alch      0%         3d11      100%        5
 Plasma Beam              Fire/Air       1%         2x1d11    100%        6


Dungeon Overview and Level Annotations

Branches:
Dungeon (3/15)

Altars:
Yredelemnul


Innate Abilities, Weirdness & Mutations

You are very small and have problems with some larger weapons.
You are too small for most types of armour.
You have supernaturally acute eyesight. (SInv)
You cover ground extremely quickly. (Speed+++)


Message History

The orc priest seems less drained.
The orc attacks as it pursues you! The orc misses you.
Casting: Jinxbite (safe; 6% risk of failure)
Confirm with . or Enter, or press ? or * to list all spells.
You beckon some vexing sprites to accompany your attacks.
You feel your willpower being sapped.
You shoot a sling bullet.
The sling bullet barely misses the orc priest.
The sling bullet hits the orc.
The orc is heavily wounded.
A giggling sprite leaps out and insults the orc's ancestors.
You kill the orc!
The orc misses you. The orc priest closely misses you.
The orc hits you but does no damage.
The orc priest mumbles some strange prayers to Beogh against you.
Beogh smites you!
Ouch! That really hurt!
Okay, then.
There is a stone staircase leading down here.
Fire: a) +1 sling
Press: ? - help, Shift-Dir - straight line, f - orc
Aim: an orc, wielding a +0 flail and wearing a +0 scale mail (chance to call a sprite on attack: 64%, 64% to hit)
You shoot a sling bullet. The sling bullet hits the orc!
You kill the orc!
The jinxing sprites lose interest in you.
You start resting.
An orc is nearby!
Casting: Jinxbite (safe; 6% risk of failure)
Confirm with . or Enter, or press ? or * to list all spells.
You beckon some vexing sprites to accompany your attacks.
You feel your willpower being sapped.
Fire: a) +1 sling
Press: ? - help, Shift-Dir - straight line, f - orc
Aim: an orc, wielding a +0 dagger (chance to call a sprite on attack: 64%, 60% to hit)
It was a potion of resistance.
You feel protected.
The orc priest invokes the aid of Beogh against you.
Beogh smites you!
Ouch! That really hurt!
You die... ... #.. ##### #........... .### ##.. #...# #...#######. .# ... #...# #...# . #.. #...# #...# #oo

#...# #...# # #.. #...#
##...#..#
.#####o#####...###...>..#
......)oo.##...##.....###
)......##..#.@....#...#
....... ##.##.........#
....... #.##..###....#
....... #.##o## #....#
....... #.##)# #....#
....... #..o># #.####
....... ###### .# .#


You could see an orc priest and an orc.

Vanquished Creatures
  Jessica (D:3)
  4 adders (D:2)
  3 dart slugs (D:1)
  3 orcs (D:3)
  5 ball pythons
  2 endoplasms
  A giant cockroach (D:2)
  2 hobgoblins
  10 jackals
  2 kobolds (D:3)
  A quokka (D:3)
  4 bats
  4 frilled lizards
  A goblin (D:1)
  5 rats
48 creatures vanquished.

Notes
Turn   | Place    | Note
-------+----------+-------------------------------------------
     0 | D:1      | PriceMaster the Spriggan Hexslinger began the quest for the
                  | Orb.
     0 | D:1      | Reached XP level 1. HP: 9/9 MP: 3/3
   157 | D:1      | Reached XP level 2. HP: 6/14 MP: 5/5
   593 | D:1      | Reached skill level 4 in Hexes
   750 | D:1      | Found a faded altar of an unknown god.
   850 | D:1      | Learned a level 2 spell: Jinxbite
  1130 | D:2      | Reached XP level 3. HP: 17/17 MP: 3/6
  1137 | D:2      | Reached skill level 1 in Fighting
  1237 | D:2      | Found a basalt altar of Yredelemnul.
  1617 | D:2      | Reached XP level 4. HP: 22/22 MP: 4/7
  1888 | D:3      | Noticed Jessica
  1893 | D:3      | Killed Jessica
  2264 | D:3      | Killed from afar by an orc priest

Illustrated notes

Levels and vault maps discovered:
D:1:      minmay_arrival_shoal_huts, layout_basic, serial_aquarium,
          aquarium_bridge_square [aquarium_subvault_bridge,
          aquarium_subvault_window, aquarium_subvault_bridge,
          aquarium_subvault_wall], aquarium_window_corridor_3,
          aquarium_window_fake, aquarium_window_1, aquarium_view_2c,
          aquarium_pool_2, dreamdust_ecumenical_altar_grove
D:2:      layout_basic, basic_altar
D:3:      layout_basic, nicolae_wu_jian_immortal_techniques, uniq_jessica

Skill      XL: |  1  2  3  4 |
---------------+-------------+-----
Dodging        | 3 |  3.3
Hexes          | 4 |  4.4
Fighting       | 1 |  1.1
Ranged Weapons | 3 |  3.7
Spellcasting   | 2 |  2.1
Stealth        | |  0.1
Fire Magic     | |  0.7

Action                     |  1- 3 |  4- 6 || total
---------------------------+-------+-------++-------
   Fire: Sling             |    91 |    25 ||   116
   Cast: Jinxbite          |    11 |    11 ||    22
    Use: Scroll            |     2 |       ||     2
         Potion            |       |     1 ||     1
 Armour: Robe              |    23 |     1 ||    24
  Dodge: Dodged            |    58 |     4 ||    62
